 Dungeon Crawl Stone Soup version 0.25.0-9-g26727b657a (webtiles) character file.

Game seed: 6850009344050697331

54 Esekla the Grave Robber (level 3, 0/26 HPs)
             Began as a Barachi Necromancer on June 20, 2020.
             Succumbed to an adder's poison
             ... on level 2 of the Dungeon.
             The game lasted 00:08:39 (2341 turns).

Esekla the Grave Robber (Barachi Necromancer)       Turns: 2341, Time: 00:08:39

Health: 0/26       AC:  2    Str:  9    XL:     3   Next: 91%
Magic:  7/7        EV: 13    Int: 16    God:
Gold:   55         SH:  0    Dex: 12    Spells: 4/8 levels left

rFire    . . .     SeeInvis .   g - +0 short sword
rCold    . . .     Gourm    .   (no shield)
rNeg     . . .     Faith    .   a - +0 robe
rPois    .         Spirit   .   (no helmet)
rElec    .         Reflect  .   (no cloak)
rCorr    .         Harm     .   (no gloves)
MR       .....                  (no boots)
Stlth    ++........             (no amulet)
HPRegen  0.08/turn              d - ring of flight
MPRegen  0.10/turn              (no ring)

@: brilliant, lethally poisoned (0 -> -3), slow
A: +LOS, swims, slowness 1, strong legs 1
a: Hop, Evoke Flight


You were on level 2 of the Dungeon.
You were not hungry.

You visited 1 branch of the dungeon, and saw 3 of its levels.

You collected 55 gold pieces.

Inventory:

Hand Weapons
 g - a +0 short sword (weapon)
Missiles
 k - 2 silver javelins (quivered)
Armour
 a - a +0 robe (worn)
Jewellery
 d - a ring of flight (left hand)
Scrolls
 b - a scroll of identify {unknown}
 h - a scroll of remove curse {unknown}
 j - a scroll of fog {unknown}
Comestibles
 c - a ration


   Skills:
 * Level 1.6 Fighting
 + Level 0.6 Short Blades
 + Level 2.8 Dodging
 - Level 1.7 Stealth
 + Level 0.4 Unarmed Combat
 * Level 3.2 Spellcasting
 + Level 3.6 Necromancy


You had 4 spell levels left.
You knew the following spells:

 Your Spells              Type           Power        Failure   Level  Hunger
a - Pain                  Necr           ###.         4%          1    None
d - Vampiric Draining     Necr           ###.......   12%         3    None

Your spell library contained the following spells:

 Spells                   Type           Power        Failure   Level  Hunger
 Animate Skeleton         Necr           N/A          4%          1    None
 Animate Dead             Necr           N/A          38%         4    None
 Agony                    Necr           ###.....     75%         5    None


Dungeon Overview and Level Annotations

Branches:
Dungeon (3/15)

Altars:
Yredelemnul

Annotations:
D:2 1 runed translucent door


Innate Abilities, Weirdness & Mutations

You can be seen from farther away. (+LOS)
You can swim through water.
You cover ground slowly.
You can hop short distances.


Message History

* * * LOW HITPOINT WARNING * * *
You feel sick.
* * * LOW HITPOINT WARNING * * *
You feel sick.
You see here an adder corpse.
It was a potion of brilliance.
You feel clever all of a sudden.
It was a potion of magic.
Magic courses through your body.
* * * LOW HITPOINT WARNING * * *
You feel sick.
* * * LOW HITPOINT WARNING * * *
You feel sick.
There is a stone staircase leading up here.
* * * LOW HITPOINT WARNING * * *
You feel sick.
You climb upwards.
Level annotation: 1 runed translucent door
Found an iron ring.
There is a stone staircase leading down here.
You die...

###########
#.>.......#
##......##.#
#.@......#
#.=......#
#..........
##......##.#
#........ #
##.#######
#.# .# .#


There were no monsters in sight!

Vanquished Creatures
  A human skeleton (D:2)
  An adder (D:3)
  A leopard gecko (D:2)
  7 goblins
  A hobgoblin (D:2)
  2 kobolds (D:1)
  A quokka (D:3)
  A bat (D:1)
  2 frilled lizards
17 creatures vanquished.

Notes
Turn   | Place    | Note
-------+----------+-------------------------------------------
     0 | D:1      | Esekla the Barachi Necromancer began the quest for the Orb.
     0 | D:1      | Reached XP level 1. HP: 13/13 MP: 3/3
   332 | D:1      | Reached skill level 1 in Fighting
   332 | D:1      | Reached XP level 2. HP: 17/21 MP: 0/5
   497 | D:2      | Found a runed translucent door.
   497 | D:2      | Noticed a human
   702 | D:2      | Found a basalt altar of Yredelemnul.
  1875 | D:2      | Reached XP level 3. HP: 16/26 MP: 7/7
  2021 | D:3      | Learned a level 3 spell: Vampiric Draining
  2338 | D:3      | HP: 1/26 [poisoned by an adder]
  2341 | D:2      | Succumbed to an adder's poison

Illustrated notes

Levels and vault maps discovered:
D:1:      giann_bridges, layout_basic
D:2:      layout_loops_corners, kennysheep_doodads, dk_noncrumbling_3,
          st_stairs_8, dk_yredelemnul_ordeal
D:3:      layout_loops_corners, uniq_sigmund

Skill      XL: |  1  2  3 |
---------------+----------+-----
Fighting       | 1 |  1.6
Spellcasting   | 3 |  3.2
Short Blades   | |  0.6
Dodging        | |  2.8
Stealth        | |  1.7
Unarmed Combat | |  0.4
Necromancy     | |  3.6

Action                   || total
-------------------------++-------
Melee: Dagger            ||     7
       Unarmed           ||     1
       Short sword       ||    75
 Cast: Pain              ||    14
       Vampiric Draining ||     4
  Use: Potion            ||     2
  Eat: Ration            ||     1
       Chunk             ||     2
Armor: Robe              ||     4
Dodge: Dodged            ||    66
